 Dungeon Crawl Stone Soup version 0.20.0-15-g7f486f2 (webtiles) character file.

95 greprep the Magician (level 4, -6/24 HPs)
             Began as a Deep Elf Fire Elementalist on June 23, 2017.
             Mangled by a gnoll
             ... wielding a +3 spear
              (10 damage)
             ... on level 2 of the Dungeon.
             The game lasted 00:04:33 (3566 turns).

greprep the Magician (Deep Elf Fire Elementalist)   Turns: 3566, Time: 00:04:34

Health: -6/24      AC:  2    Str:  5    XL:     4   Next: 39%
Magic:  11/12      EV: 13    Int: 21    God:
Gold:   79         SH:  0    Dex: 15    Spells: 10/11 levels left

rFire    . . .     SeeInvis .   h - +0 short sword
rCold    . . .     Gourm    .   (no shield)
rNeg     . . .     Faith    .   a - +0 robe
rPois    .         Spirit   .   (no helmet)
rElec    .         Reflect  .   (no cloak)
rCorr    .         Harm     .   (no gloves)
MR       .....                  (no boots)
Stlth    ++........             m - amulet of regeneration
Regen    0.5/turn               (no ring)
MPRegen  0.2/turn               (no ring)

@: no status effects
A: no striking features
a: no special abilities


You were on level 2 of the Dungeon.
You were hungry.

You visited 1 branch of the dungeon, and saw 3 of its levels.

You collected 79 gold pieces.

Inventory:

Hand Weapons
 h - a +0 short sword (weapon)
Armour
 a - a +0 robe (worn)
Jewellery
 m - an amulet of regeneration (around neck)
Scrolls
 d - a scroll of immolation {unknown}
 f - a scroll of random uselessness {unknown}
 g - a scroll of blinking {unknown}
 i - a scroll of enchant weapon {unknown}
 j - 2 scrolls of identify {unknown}
 l - a scroll of teleportation {unknown}
 n - a scroll of fog {unknown}
 p - 2 scrolls of remove curse {unknown}
Potions
 e - a potion of cancellation {unknown}
 k - 2 potions of haste {unknown}
 o - a potion of brilliance {unknown}
Books
 b - a book of Flames

   Spells                             Type                      Level
   a - Flame Tongue                   Conjuration/Fire             1
   b - Throw Flame                    Conjuration/Fire             2
   c - Conjure Flame                  Conjuration/Fire             3
   d - Inner Flame                    Hexes/Fire                   3
   e - Sticky Flame                   Conjuration/Fire             4
   f - Fireball                       Conjuration/Fire             5
Comestibles
 c - a bread ration


   Skills:
 + Level 0.5 Fighting
 + Level 0.4 Short Blades
 + Level 2.8 Dodging
 + Level 3.0 Stealth
 + Level 4.2 Spellcasting
 + Level 2.0 Conjurations
 + Level 4.1 Fire Magic


You had 10 spell levels left.
You knew the following spells:

 Your Spells              Type           Power        Failure   Level  Hunger
a - Flame Tongue          Conj/Fire      ###..        3%          1    None


Dungeon Overview and Level Annotations

Branches:
Dungeon (3/15)

Altars:


Message History

The gnoll hits you with an enchanted spear.
There is a stone staircase leading up here.
You see here 2 throwing nets.
Casting: Flame Tongue
Confirm with . or Enter, or press ? or * to list all spells.
Aiming: Flame Tongue
Press: ? - help, Shift-Dir - straight line, f - gnoll
Aim: a gnoll, wielding an enchanted spear The flame tongue hits the gnoll.
The gnoll is severely wounded.
The gnoll hits you with a spear.
The gnoll hits you with an enchanted spear!
The gnoll closely misses you.
The gnoll hits you with an enchanted spear!
* * * LOW HITPOINT WARNING * * *
You climb upwards.
There is a stone staircase leading down here.
The gnoll barely misses you.
The gnoll hits you from afar with an enchanted spear!
You die...

##########........>............(.
#.....#.................(
##.#.#....................
###..................#....(.
######........................#..
........##.................#.##.#
........##................(#.##..
........##....g>.............####
...>..........g.@....(..(.#### #
........##.......)........# #
.......................(.#### #
........##..)...............### #
##########..........[..)#.#.<.###
#.........#.((...(<>###..##
#...........#######...##...
#.........### ###......
#.........# ##...##


You could see 2 gnolls.

Vanquished Creatures
  2 gnolls
  3 adders (D:2)
  2 worms (D:2)
  6 bats
  A giant cockroach (D:2)
  7 goblins
  5 hobgoblins
  5 jackals
  4 kobolds
  4 frilled lizards
  3 rats
42 creatures vanquished.

Notes
Turn   | Place    | Note
-------+----------+-------------------------------------------
     0 | D:1      | greprep the Deep Elf Fire Elementalist began the quest for the Orb.
     0 | D:1      | Reached XP level 1. HP: 10/10 MP: 6/6
   627 | D:1      | Reached XP level 2. HP: 15/15 MP: 6/8
  1732 | D:1      | Reached XP level 3. HP: 13/19 MP: 10/10
  2992 | D:2      | Reached XP level 4. HP: 24/24 MP: 10/12
  3566 | D:2      | Mangled by a gnoll

Skill      XL: |  1  2  3  4 |
---------------+-------------+-----
Fire Magic     | 4 |  4.1
Spellcasting   | 4 |  4.2
Conjurations   | 2 |  2.0
Stealth        | 3 |  3.0
Fighting       | |  0.5
Short Blades   | |  0.4
Dodging        | |  2.8

Action                   |  1- 3 |  4- 6 || total
-------------------------+-------+-------++-------
Melee: Short sword       |    36 |    11 ||    47
 Cast: Flame Tongue      |    68 |    17 ||    85
  Use: Potion            |     1 |       ||     1
 Stab: Distracted        |     1 |       ||     1
       Sleeping          |       |     2 ||     2
  Eat: Chunk             |     5 |     2 ||     7
Armor: Robe              |    18 |       ||    18
Dodge: Dodged            |   103 |    20 ||   123
